 Dungeon Crawl Stone Soup version 0.29.1-15-g9cfb28693d (webtiles) character file.

Game seed: 3400977199705562275

269 leafyfresh the Covert (level 6, -1/44 HPs)
             Began as an Octopode Delver on Mar 4, 2023.
             Was an Initiate of Ashenzari.
             Slain by an orc wizard
             ... wielding a +0 dagger
              (4 damage)
             ... on level 5 of the Dungeon.
             The game lasted 00:01:01 (1023 turns).

leafyfresh the Covert (Octopode Delver)             Turns: 1023, Time: 00:01:02

Health: -1/44      AC:  1    Str: 12    XL:     6   Next: 22%
Magic:  6/6        EV: 14    Int: 14    God:    Ashenzari [......]
Gold:   10         SH:  0    Dex: 13    Spells: 5/5 levels left

rFire   . . .      SeeInvis .   a - +0 short sword
rCold   . . .      Faith    .   (no shield)
rNeg    . . .      Spirit   .   (helmet restricted)
rPois   .          Reflect  .   (no amulet)
rElec   .          Harm     .   (no ring)
rCorr   .          Rampage  .   (no ring)
Will    .....                   (no ring)
Stlth   +++++.....              (no ring)
HPRegen 0.14/turn               (no ring)
MPRegen 0.10/turn               (no ring)
                                (no ring)
                                (no ring)

@: no status effects
A: almost no armour, amphibious, 8 rings, camouflage 1, gelatinous body 1,
(nimble swimmer 1), tentacles
a: Renounce Religion


You were on level 5 of the Dungeon.
You worshipped Ashenzari.
Ashenzari was noncommittal.
You visited 2 branches of the dungeon, and saw 2 of its levels.

You collected 10 gold pieces.

Inventory:

Hand Weapons
 a - a +0 short sword (weapon)
Wands
 f - a wand of digging (3)
Scrolls
 b - a scroll of fog
 c - a scroll of magic mapping
 d - a scroll of fear
 g - 2 scrolls of identify {unknown}
Potions
 e - a potion of haste


   Skills:
 + Level 4.5 Fighting
 - Level 2.0 Short Blades
 + Level 3.9 Dodging
 + Level 8.3 Stealth


You had 5 spell levels left.
You didn't know any spells.
Your spell library was empty.

Dungeon Overview and Level Annotations

Branches:
Dungeon (5/15)             Temple (1/1) D:5

Altars:
Ashenzari
Cheibriados
Elyvilon
Fedhas
Okawaru
Ru
Sif Muna
Vehumet
Xom
Yredelemnul
Zin
The Shining One


Innate Abilities, Weirdness & Mutations

You cannot wear most types of armour.
You are amphibious.
You can wear up to eight rings at the same time.
Your skin changes colour to match your surroundings (Stealth+).
Your rubbery body absorbs attacks. (AC +1, EV +1)
((You are camouflaged when in or above water. (Stealth+)))
You have tentacles for arms and can constrict up to eight enemies at once.


Message History

You hit the orc wizard but do no damage.
You squeeze the orc wizard.
The orc wizard is heavily wounded.
You constrict the orc wizard.
The orc hits you from afar with a +0 trident.
The orc closely misses you.
The orc wizard gestures at you while chanting.
You are confused.
The orc barely misses you.
You hit the orc wizard.
The orc wizard is heavily wounded.
You constrict the orc wizard. The orc wizard barely misses you.
The orc misses you. The orc hits you with a +0 mace.
The orc hits you with a +0 club.
You hit the orc wizard.
The orc wizard is almost dead.
You constrict the orc wizard. The orc barely misses you.
The orc wizard gestures at you while chanting.
You resist with some effort.
The orc hits you from afar with a +0 trident.
The orc hits you with a +0 mace.
You release your grip on the orc wizard.
The orc attacks as you move away! The orc hits you with a +0 club.
The orc wizard barely misses you. The orc closely misses you.
Unknown command.
You barely miss the orc wizard.
The orc wizard is almost dead.
The orc wizard hits you with a +0 dagger.
* * * LOW HITPOINT WARNING * * *
The orc closely misses you.
The orc hits you from afar with a +0 trident.
* * * LOW HITPOINT WARNING * * *
You completely miss the orc wizard.
The orc wizard is almost dead.
You feel less confused. The orc hits you with a +0 club.
* * * LOW HITPOINT WARNING * * *
The orc misses you.
The orc wizard hits you with a +0 dagger.
You die...

### ### ###### ...
#.. #....# ...#.###
#....# .####.#.#..
#....## ...........
#.....+......#.#.#.#
#.$..##...##........
#.o@.##....#.....#.#
#.o.o##....#.....#.#
#..o.##....#[....#.#
#....##....#.....#.#
#....##.?..#.....#.#
##+#.......#.#'#.#.#
.##.#.####.#.#.#.#
...#(# #.#.#)#.#
#.#..#.# #.#.#.#


You could see an orc wizard and 3 orcs.

Vanquished Creatures
  An ogre (D:5)
  2 scorpions (D:5)
  A hound (D:5)
  3 adders (D:5)
  A dart slug (D:5)
  An orc (D:5)
9 creatures vanquished.

Notes
Turn   | Place    | Note
-------+----------+-------------------------------------------
     0 | D:5      | leafyfresh the Octopode Delver began the quest for the Orb.
     0 | D:5      | Reached XP level 1. HP: 16/16 MP: 1/1
    18 | D:5      | Reached XP level 2. HP: 14/21 MP: 2/2
   207 | D:5      | Noticed a scorpion
   215 | D:5      | Killed a scorpion
   216 | D:5      | Reached skill level 7 in Stealth
   216 | D:5      | Reached XP level 3. HP: 13/27 MP: 3/3
   216 | D:5      | Reached XP level 4. HP: 15/33 MP: 4/4
   640 | D:5      | Noticed a scorpion
   645 | D:5      | Killed a scorpion
   646 | D:5      | Reached XP level 5. HP: 32/37 MP: 5/5
   829 | D:5      | Noticed an ogre
   838 | D:5      | Killed an ogre
   839 | D:5      | Reached skill level 8 in Stealth
   839 | D:5      | Reached XP level 6. HP: 44/44 MP: 6/6
   852 | D:5      | Found a staircase to the Ecumenical Temple.
   862 | Temple   | Entered the Ecumenical Temple
   977 | Temple   | Became a worshipper of Ashenzari the Shackled
  1023 | D:5      | Slain by an orc wizard

Illustrated notes

Levels and vault maps discovered:
D:5:      lemuel_ratsnest, layout_basic, old_standard_altar, temple_pool_b
Temple:   hc_temple_tempest_star

Skill      XL: |  1  2  3  4  5 |
---------------+----------------+-----
Dodging        | 3 |  3.9
Stealth        | 7 8 |  8.3
Fighting       | 4 |  4.5
Short Blades   | |  2.0

Action                   |  1- 3 |  4- 6 || total
-------------------------+-------+-------++-------
Melee: Short sword       |    16 |    20 ||    36
       Tentacles         |     5 |     6 ||    11
       Constrict         |     3 |     4 ||     7
       Punch             |       |     1 ||     1
 Stab: Sleeping          |       |     3 ||     3
Armor: Skin              |       |     1 ||     1
Dodge: Dodged            |    12 |    17 ||    29
